Map: Orbital Shipyard

Players

NordWind

  • Race: Zerg Zerg

AngelFire - Winner!

  • Race: Terran Terran

VOD

Have the link to the VOD?

Description

Time

  • Played on: Nov. 20, 2015, 11:08 a.m.
  • Length: 10:47
Show
View Real Time Build Order
Export as new Build Order

NordWind Zerg 

Build Orders: Hatch First 

Get SALT Encoding   

  12  0:02  Drone  
  13  0:13  Overlord  
  13  0:22  Drone  
  14  0:42  Hatchery  
  13  0:46  Drone  
  14  1:05  Spawning Pool  
  13  1:14  Drone  
  14  1:19  Extractor  
  14  1:23  Drone x2  
  15  1:39  Drone x2  
  17  1:51  Queen  
  19  1:56  Drone  
  20  2:02  Drone x2  
  22  2:12  Queen  
  24  2:19  Overlord  
  24  2:40  Drone x5  
  29  2:47  Baneling Nest  
  29  2:50  Drone  
  29  3:03  Metabolic Boost  
  29  3:10  Drone x2  
  29  3:11  Drone x4  
  35  3:30  Overlord x2  
  35  3:31  Overlord  
  33  3:48  Overlord x3  
  31  3:54  Zergling x8  
  32  3:59  Queen  
  33  4:05  Zergling x2  
  33  4:35  Queen  
  35  4:39  Drone x3  
  35  4:45  Drone x3  
  40  5:05  Zergling x8  
  40  5:06  Zergling x2  
  45  5:10  Roach Warren, Queen  
  45  5:12  Drone x2  
  45  5:13  Drone x3  
  51  5:38  Drone x2  
  51  5:39  Drone, Extractor  
  51  5:41  Drone  
  54  5:47  Drone, Extractor  
  54  5:48  Drone x2, Extractor  
  55  5:52  Drone x3  
  55  5:56  Lair  
  57  6:06  Spore Crawler  
  57  6:10  Spore Crawler  
  52  6:41  Drone x2  
  52  6:42  Drone x5  
  54  6:57  Drone x3  
  57  7:24  Drone  
  57  7:25  Roach  
  57  7:26  Roach x4  
  55  8:30  Drone x2  
  55  8:31  Drone x3  
  60  8:34  Roach x2  
  64  8:56  Drone x3  
  64  8:59  Hatchery  
  66  9:10  Ravager  
  66  9:11  Ravager x4  
  71  9:21  Hydralisk Den  
  71  9:24  Drone x4  
  72  9:28  Overlord x4  
  71  9:38  Roach x4  
  73  10:06  Hydralisk x6  
  79  10:09  Overlord  
  79  10:11  Queen  
  87  10:19  Roach  
  87  10:20  Roach x7  
Show
View Real Time Build Order
Export as new Build Order

AngelFire Terran - Winner!

Build Orders:  

Get SALT Encoding   

  12  0:01  SCV  
  13  0:13  SCV  
  14  0:22  Supply Depot  
  14  0:25  SCV  
  15  0:38  Refinery  
  15  0:45  Barracks  
  15  0:51  SCV  
  16  1:03  SCV  
  17  1:10  Refinery  
  17  1:15  SCV  
  18  1:26  Barracks  
  18  1:32  Supply Depot  
  18  1:40  Reaper  
  18  1:45  Orbital Command  
  19  2:12  Factory  
  19  2:13  SCV  
  19  2:15  Reaper  
  21  2:19  Reaper  
  21  2:38  SCV  
  22  2:50  SCV, Marine  
  24  2:53  Marine  
  25  3:07  Factory Reactor  
  25  3:13  Command Center  
  25  3:27  SCV, Starport  
  25  3:58  Hellion x2  
  25  4:00  Reaper  
  25  4:01  SCV  
  31  4:09  Supply Depot  
  31  4:15  Marine  
  30  4:20  Liberator  
  30  4:36  Supply Depot  
  33  4:39  Orbital Command  
  33  4:42  SCV  
  33  4:45  Supply Depot, Hellion x2  
  38  4:46  Marine x2  
  40  4:54  SCV  
  37  5:09  Orbital Command  
  37  5:15  Supply Depot  
  37  5:16  SCV  
  42  5:22  Barracks  
  42  5:28  SCV  
  39  5:40  SCV, Supply Depot  
  40  5:44  Engineering Bay  
  40  5:49  Liberator x2  
  46  6:13  Supply Depot  
  46  6:14  Factory Tech Lab  
  46  6:15  Supply Depot  
  46  6:16  Barracks Tech Lab  
  46  6:17  Barracks Tech Lab  
  46  6:21  Marine  
  46  6:23  Barracks  
  46  6:25  Terran Infantry Weapons Level 1  
  47  6:33  SCV  
  47  6:34  SCV  
  47  6:39  Marine  
  50  6:45  SCV  
  51  6:48  Refinery  
  51  6:49  Refinery  
  48  7:03  Medivac x2  
  48  7:06  Marauder  
  48  7:07  Stimpack  
  48  7:08  Concussive Shells  
  54  7:09  Marine  
  54  7:10  Marauder  
  57  7:16  SCV x2  
  59  7:26  Marine  
  59  7:27  Marine  
  59  7:28  SCV  
  62  7:31  Marauder  
  64  7:44  Marine  
  64  7:45  Marauder  
  67  7:52  Marine  
  62  8:28  Marine  
  62  8:29  Marauder x2  
  62  8:33  Medivac x2  
  71  8:36  Command Center  
  71  8:37  Marine  
  72  8:41  Terran Infantry Armor Level 1  
  72  8:46  Armory, Marine  
  72  8:47  Cyclone  
  76  8:49  Marine  
  76  8:50  Marauder  
  76  8:52  Factory  
  76  8:55  Marine  
  80  9:04  Marine  
  80  9:05  Missile Turret x2  
  80  9:07  Marine  
  80  9:08  Missile Turret  
  82  9:11  Marine  
  82  9:12  Missile Turret  
  82  9:13  Marine  
  82  9:14  Missile Turret  
  84  9:17  Missile Turret  
  84  9:28  Cyclone  
  87  9:32  Missile Turret  
  87  9:37  Marine  
  87  9:38  Marine x3  
  91  9:46  SCV  
  91  9:48  SCV  
  93  9:55  Marine  
  93  9:58  SCV  
  95  10:08  Marine, Marauder x2  
  95  10:10  SCV  
  95  10:12  Factory Tech Lab  
  95  10:13  Missile Turret, Marine  
  102  10:26  Marine  
Tags
 
Add a new tag
Caveats
  • Supply blocks, unpowered buildings, or Contaminate may cause inaccurate times.
  • Supply counts are checked every 10 seconds.